 Dungeon Sprint DCSS version 0.31-a0-16-g6d2539766c (webtiles) character file.

Game seed: 1187316443324186101

1 ytrimaz the Magician (level 1, 0/15 HPs)
             Began as a Djinni Fire Elementalist on May 8, 2023.
             Was an Initiate of Jiyva.
             Slain by a mummy (7 damage)
             ... in the Dungeon (Sprint V: "Ziggurat Sprint").
             The game lasted 00:02:31 (100 turns).

ytrimaz the Magician (Djinni Fire Elementalist)      Turns: 100, Time: 00:02:32

Health: 0/15       AC:  2    Str:  7    XL:     1   Next: 22%
Gold:   0          EV: 12    Int: 34    God:    Jiyva [......] SH:  0 Dex: 13

rFire   + + .        x - +6 Majin-Bo {spellvamp, MP+6 Int+6}
rCold   x . .        (no shield)
rNeg    . . .        a - +0 robe
rPois   ∞            (no helmet)
rElec   .            (no cloak)
rCorr   .            (no gloves)
SInv    .            (boots unavailable)
Will    .....        (no amulet)
Stlth   ++           r - +6 ring of intelligence
HPRegen 0.22/turn    q - +6 ring of intelligence
MPRegen 0.00/turn

%: no teleportation, infuse magic (-1 HP)
@: flying
A: sickness immunity, fire resistance 2, cold vulnerability 1, float, innate
caster, HP casting, extra vitality 1
a: Renounce Religion


You were in the Dungeon.
You worshipped Jiyva.
Jiyva was noncommittal.
You visited 1 branch


Innate Abilities, Weirdness & Mutations

You are immune to sickness and miasma.
You are immune to poison.
Your flesh is very heat resistant. (rF++)
You are vulnerable to cold. (rC-)
You float through the air rather than walking.
You learn spells naturally, not from books.
Your magical power is your life essence.
You have superior vitality. (+4 MHP)


   Skills:
 + Level 2.5 Dodging
 - Level 1.5 Stealth
 * Level 2.8 Spellcasting


You knew the following spells:

 Your Spells              Type           Power      Damage    Failure   Level
a - Foxfire               Conj/Fire      92%        2x1d8     1%          1
b - Scorch                Fire           46%        2d6       2%          2
c - Volatile Blastmotes   Fire/Tloc      46%        2d13      5%          3
d - Inner Flame           Hex/Fire       23%        N/A       5%          3
e - Flame Wave            Conj/Fire      23%        2d8       17%         4
Your spell library was empty.

Inventory:

Hand Weapons
 x - the +6 Majin-Bo (weapon) {spellvamp, MP+6 Int+6}
   (You found it in the Dungeon)

   Int:       It affects your intelligence (+6).
   MP:        It affects your magic capacity (+6).
Armour
 a - a +0 robe (worn)
Jewellery
 o - a +6 ring of dexterity
   (You found it in the Dungeon)
 p - a +6 ring of dexterity
   (You found it in the Dungeon)
 q - a +6 ring of intelligence (right hand)
   (You found it in the Dungeon)
 r - a +6 ring of intelligence (left hand)
   (You found it in the Dungeon)
 s - a +6 ring of strength
   (You found it in the Dungeon)
 t - a +6 ring of strength
   (You found it in the Dungeon)
Wands
 u - a wand of roots (3)
   (You found it in the Dungeon)
 v - a wand of mindburst (7)
   (You found it in the Dungeon)
 w - a wand of acid (7)
   (You found it in the Dungeon)
Scrolls
 f - 4 scrolls of blinking
 l - 7 scrolls of fog
 m - 5 scrolls of identify
 n - 2 scrolls of fear
Potions
 b - 10 potions of curing
 c - 10 potions of heal wounds
 d - 6 potions of haste
 e - 3 potions of berserk rage
 g - 2 potions of brilliance
 h - 2 potions of invisibility
 i - 4 potions of resistance
 j - a potion of experience
 k - 5 potions of might

Dungeon Overview and Level Annotations

Branches:
Dungeon (1/1) Zot: 27000

Altars:
Ashenzari
Cheibriados
Dithmenos
Elyvilon
Fedhas
Gozag
Hepliaklqana
Makhleb
Nemelex Xobeh
Okawaru
Qazlal
Ru
Trog
Uskayaw
Wu Jian
Xom
Yredelemnul
Zin
The Shining One
Jiyva
Lugonu

Annotations:
D 1 transporter

▓▓▓▓▓▓▓
▓.8©8.▓
▓.....▓
▓.|.).▓
▓..M..▓
▓..@v.▓
▓.§§v.▓
▓▓▓▓▓▓▓


You could see a mummy (ally target).


Message History

You see here a ring of flight.
u - a wand of roots (3)
You see here a ring of flight.
v - a wand of mindburst (7);
w - a wand of acid (7)
Okay, then.
You feel clever.
r - a +6 ring of intelligence (left hand)
You feel clever.
q - a +6 ring of intelligence (right hand)
You see here 5 potions of magic.
Things that are here:
a +5 executioner's axe; a +5 battleaxe; a +5 broad axe
Items here: )))))).
Things that are here:
a +5 bardiche; a +5 demon trident
Things that are here:
a +5 executioner's axe; a +5 battleaxe; a +5 broad axe
Items here: [[[[[.
Items here: [[[[[[[.
Items here: [[[[[.
Okay, then.
Items here: [[[[[[[.
Okay, then.
Items here: )))) [[.
You don't currently have any unidentified items.
Items here: )))))))))).
x - the +9 sword of Power {lifebolt}
y - the +11 plutonium sword {Contam Stlth-}
z - the +7 great mace "Firestarter" {flame, immolate, rFlCloud rF++}
A - the +7 mace of Variability {chaos, chaos arc}
Okay, then.
You drop the +7 mace of Variability {chaos, chaos arc}.
You drop the +9 sword of Power {lifebolt}.
You drop the +11 plutonium sword {Contam Stlth-}.
You drop the +7 great mace "Firestarter" {flame, immolate, rFlCloud rF++}.
Items here: )))) [[.
x - the +6 Majin-Bo {spellvamp, MP+6 Int+6} You feel clever.
You feel a sense of dread.
x - the +6 Majin-Bo (weapon)
{spellvamp, MP+6 Int+6} Unknown command.
Items here: )))).
You see here a +5 lajatang.
Items here: )))).
Things that are here:
a +5 quick blade; a +5 rapier; a +5 dagger
Items here: )))).
Things that are here:
a +5 bardiche; a +5 demon trident
Things that are here:
a +5 executioner's axe; a +5 battleaxe; a +5 broad axe
Items here: )))))).
You see here a +5 lajatang.
Unknown command.
Items here: )))))).
Items here: [[[[[[[.
There is a staircase leading out of the dungeon here.
Unknown command.
You see here a ring of flight.
There is a viscous altar of Jiyva here.
You hover solemnly before the altar of Jiyva.
Jiyva welcomes you!
You hear a distant slurping noise. x13
You hear a distant slurping noise. x5
There is a transporter here.
Welcome to arena 1.
You enter the transporter and appear at another place.
A bat zombie and a mummy come into view.
You hear a distant slurping noise.
Unknown command.
Casting: Foxfire (safe; 2% risk of failure)
Press: ? - help, Q - select action, (/) - cycle Dir - look around, f - activate You conjure some foxfire! 😕 HP[-2]
You take 2 damage, and now have 13/15 hp.
Unknown command.
Casting: Foxfire (safe; 2% risk of failure)
Press: ? - help, Q - select action, (/) - cycle Dir - look around, f - activate You conjure some foxfire!
The foxfire hits the bat zombie.
The foxfire hits the mummy.
The mummy is burned terribly!
The bat zombie barely misses you.
The bat zombie hits you but does no damage. 😮 HP[-2]
You take 2 damage, and now have 11/15 hp.
Casting: Foxfire (safe; 2% risk of failure)
Press: ? - help, Q - select action, (/) - cycle Dir - look around, f - activate You conjure some foxfire!
The foxfire hits the bat zombie.
You destroy the bat zombie!
The foxfire hits the mummy.
The mummy is burned terribly!
The mummy closely misses you. 😮 HP[-2]
You take 2 damage, and now have 9/15 hp.
Casting: Foxfire (safe; 1% risk of failure)
Press: ? - help, Q - select action, (/) - cycle Dir - look around, f - activate You conjure some foxfire!
* * * LOW HITPOINT WARNING * * *
The foxfire hits the mummy.
The mummy is burned terribly!
The foxfire hits the mummy.
The mummy is burned terribly!
The mummy hits you!
You die...

Action                     || total
---------------------------++-------
   Cast: Foxfire           ||     4
 Armour: Robe              ||     1
  Dodge: Dodged            ||     2

Levels and vault maps discovered:
D:        sprint_v [room_start, room_1, room_2, room_3, room_4, room_5, room_6,
          room_7, room_8, room_9, room_10, room_11, room_12, room_13, room_14,
          room_15, room_16, room_17, room_18, room_19, room_20, room_21,
          room_22, room_23, room_24, room_25, room_26, room_27]

Notes
Turn   | Place    | Note
-------+----------+-------------------------------------------
     0 | D        | ytrimaz the Djinni Fire Elementalist began the quest for
                  | the Orb.
     0 | D        | ytrimaz set off with the following spells memorised:
                  | Foxfire, Scorch, Volatile Blastmotes, Inner Flame, Flame
                  | Wave.
     0 | D        | Reached XP level 1. HP: 15/15 MP: 0/0
     0 | D        | magus.rc [v1.9.6]
     0 | D        | Found a blossoming altar of Fedhas.
     0 | D        | Found the +6 Majin-Bo {spellvamp, MP+6 Int+6}
     0 | D        | Found the +27 heavy crossbow "Sniper" {heavy, Acc+∞ SInv}
     0 | D        | Found the +10 dark maul {heavy}
     0 | D        | Found the +15 Maxwell's patent armour {-Cast -Tele rElec
                  | Will+ rCorr}
     0 | D        | Found the +18 shield of the Gong {Loud rN+ Will+ rCorr
                  | EV-5}
     0 | D        | Found the +16 obsidian axe {drain, demonic, Mesm Drain Fly
                  | SInv}
     0 | D        | Found the +7 great mace "Firestarter" {flame, immolate,
                  | rFlCloud rF++}
     0 | D        | Found the +6 shillelagh "Devastator" {shatter}
     0 | D        | Found the +11 plutonium sword {Contam Stlth-}
     0 | D        | Found the +8 lance "Wyrmbane" {slay drac, rPois rF+ rC+
                  | AC+3}
     0 | D        | Found the +9 sword of Zonguldrok {reap}
     0 | D        | Found the +13 scythe of Curses {drain, curses, Drain}
     0 | D        | Found the +9 sword of Power {lifebolt}
     0 | D        | Found the +7 mace of Variability {chaos, chaos arc}
     0 | D        | Found the +11 Singing Sword {sonic wave}
     0 | D        | Found the +8 storm bow {elec, penet}
     1 | D        | Found a sacrificial altar of Ru.
     1 | D        | Found a bloodstained altar of Trog.
     1 | D        | Found a stormy altar of Qazlal.
     1 | D        | Found an iron altar of Okawaru.
     1 | D        | Found a sparkling altar of Nemelex Xobeh.
     3 | D        | Found a transporter.
     3 | D        | Found a viscous altar of Jiyva.
     3 | D        | Found a corrupted altar of Lugonu.
     3 | D        | Found a hazy altar of Hepliaklqana.
     3 | D        | Found a burning altar of Makhleb.
     3 | D        | Found an opulent altar of Gozag.
    92 | D        | Became a worshipper of Jiyva Juwuph the Shapeless
    95 | D        | Entered arena 2.
    95 | D        | Found a transporter.
   100 | D        | Slain by a mummy

Vanquished Creatures
  A bat zombie (D)
1 creature vanquished.

Vanquished Creatures (others)
  6 foxfires (D)
6 creatures vanquished.

Grand Total: 7 creatures vanquished

Table legend:
 A = Non-vault XP
 B = Vault XP
 C = Vault XP percentage of total XP
 D = Non-vault monster count
 E = Vault monster count
 F = Vault count percentage of total count
                 A         B        C        D         E       F
            +---------+---------+-------+---------+---------+-------
      Total |       0 |       2 | 100.0 |       0 |       1 | 100.0
            +---------+---------+-------+---------+---------+-------
          D |       0 |       2 | 100.0 |       0 |       1 | 100.0
            +---------+---------+-------+---------+---------+-------

Action                     || total
---------------------------++-------
   Cast: Foxfire           ||     4
 Armour: Robe              ||     1
  Dodge: Dodged            ||     2

Illustrated notes

Table legend:
 A = Kills in this place as a percentage of kills in the entire game.
 B = Kills by you in this place as a percentage of kills by you in the entire game.
 C = Kills by friends in this place as a percentage of kills by friends in the entire game.
 D = Other kills in this place as a percentage of other kills in the entire game.
 E = Experience gained in this place as a percentage of experience gained in the entire game.
 F = Experience gained in this place divided by the number of levels of this place that you have seen.
                   A       B       C       D       E      F
               +-------+-------+-------+-------+-------+----------------------
         Total | 100.0 | 100.0 |   N/A |   N/A | 100.0 |   2.0
       Dungeon | 100.0 | 100.0 |   N/A |   N/A | 100.0 |   2.0
               +-------+-------+-------+-------+-------+----------------------

Table legend: (Time is in decaauts)
 A = Elapsed time spent in this place.
 B = Non-inter-level travel time spent in this place.
 C = Inter-level travel time spent in this place.
 D = Time resting spent in this place.
 E = Time spent auto-exploring this place.
 F = Levels seen in this place.
 G = Mean time per level.
                   A        B        C        D        E       F      G
               +--------+--------+--------+--------+--------+-----+--------+
         Total |     98 |     98 |      0 |      0 |      7 |   1 |   98.0 |
       Dungeon |     98 |     98 |      0 |      0 |      7 |   1 |   98.0 |
               +--------+--------+--------+--------+--------+-----+--------+

Top non-repeatable levels by time:
       D: 98 daAuts
